 Dungeon Crawl Stone Soup version 0.31.0-2-g5a2aebc5c2 (webtiles) character file.

Game seed: 11628873888784496044

39 Aldia the Trooper (level 3, 0/37 HPs)
             Began as an Oni Warper on Jan 20, 2024.
             Killed from afar by Jessica (9 damage)
             ... with a puff of flame
             ... on level 2 of the Dungeon.
             The game lasted 00:01:54 (943 turns).

Aldia the Trooper (Oni Warper)                       Turns: 943, Time: 00:01:54

Health: 0/37       AC:  4    Str: 17    XL:     3   Next: 47%
Magic:  6/6        EV:  9    Int: 14    God:
Gold:   75         SH:  0    Dex:  8    Spells: 5/7 levels left

rFire   . . .        a - +0 mace
rCold   . . .        (no shield)
rNeg    . . .        b - +1 robe
rPois   .            (helmet restricted)
rElec   .            (no cloak)
rCorr   .            (gloves unavailable)
SInv    .            (boots unavailable)
Will    .....        (no amulet)
Stlth   +            h - ring of wizardry
HPRegen 0.26/turn    (no ring)
MPRegen 0.10/turn

%: wizardry (x1)
@: no status effects
A: large, unfitting armour, horns 1, tough skin 1, double potion healing,
drunken brawling
a: no special abilities


You were on level 2 of the Dungeon.
You visited 1 branch of the dungeon, and saw 2 of its levels.

You collected 75 gold pieces.

Inventory:

Hand Weapons
 a - a +0 mace (weapon)
Missiles
 d - 7 darts of dispersal (quivered)
 g - 3 poisoned darts
 l - 5 large rocks
Armour
 b - a +1 robe (worn)
Jewellery
 h - a ring of wizardry (left hand)
 k - a ring of protection from cold
Scrolls
 c - a scroll of blinking
 f - a scroll of enchant armour
 i - a scroll of identify {unknown}
Potions
 e - a potion of lignification {unknown}
 j - 2 potions of enlightenment {unknown}


   Skills:
 + Level 3.4 Fighting
 * Level 3.0 Maces & Flails
 - Level 1.0 Throwing
 - Level 2.1 Dodging
 - Level 2.5 Spellcasting
 + Level 3.0 Translocations


You had 5 spell levels left.
You knew the following spells:

 Your Spells              Type           Power      Damage    Failure   Level
a - Blink                 Tloc           20%        N/A       4%          2

Your spell library contained the following spells:

 Spells                   Type           Power      Damage    Failure   Level
 Lesser Beckoning         Tloc           20%        N/A       4%          2
 Teleport Other           Tloc           10%        N/A       8%          3
 Necrotise                Necr           4%         1d4       9%          1
 Scorch                   Fire           2%         2d5       14%         2
 Vampiric Draining        Necr           1%         2d6       26%         3
 Manifold Assault         Tloc           10%        N/A       26%         4
 Vhi's Electric Charge    Tloc/Air       12%        N/A       43%         4
 Flame Wave               Conj/Fire      1%         2d4       63%         4
 Martyr's Knell           Necr/Summ      1%         N/A       63%         4
 Curse of Agony           Necr           1%         N/A       91%         5
 Summon Cactus Giant      Summ           0%         N/A       100%        6


Dungeon Overview and Level Annotations

Branches:
Dungeon (2/15)

Altars:

Annotations:
D:2 Jessica


Innate Abilities, Weirdness & Mutations

You are too large for most types of armour.
You have a pair of small horns on your head.
You have tough skin. (AC +1)
You gain doubled healing and magic from potions.
Whenever you drink a healing potion, you attack all around you.


Message History

The quokka is heavily wounded.
The quokka closely misses you.
You miss the quokka. You headbutt the quokka.
You kill the quokka!
No target in view!
No target in view!
HP restored.
You now have 75 gold pieces (gained 12).
Things that are here:
a +0 short sword; a kobold corpse
Found a stone staircase leading up.
Jessica the Apprentice Sorceress comes into view.
She is wielding a +0 dagger and carrying a wand of flame.
Jessica shouts!
Jessica casts a spell.
Jessica blinks!
Jessica moves out of view.
A ball python comes into view.
The ball python hisses angrily.
You see here 7 gold pieces.
You hit the ball python. Your punch misses the ball python.
The ball python is severely wounded.
The ball python bites you but does no damage. x2
You hit the ball python.
You kill the ball python!
Jessica zaps a wand.
The puff of flame hits you! Jessica closely misses you.
You sock Jessica!
Jessica is severely wounded.
Jessica hits you with a +0 dagger.
You hit Jessica.
Jessica is almost dead.
Jessica zaps a wand.
The puff of flame hits you.
You are too injured to fight recklessly!
You are too injured to fight recklessly!
You are too injured to fight recklessly!
You barely miss Jessica.
Jessica is almost dead.
Jessica hits you with a +0 dagger!
* * * LOW HITPOINT WARNING * * *
Jessica zaps a wand.
The puff of flame hits you!
You die...

#....#####.........#
######
##......####.# #
##.#......... #
#.##...###.# #
#.##.### #
#.##.#####..# #
##.##..........#
###....######..#.#
........@@.$†......
#######.#..###..#..
#.#..# # #.#..#
#.#..# #.#..# #.....
###..#


You could see Jessica.

Vanquished Creatures
  An endoplasm (D:1)
  A giant cockroach (D:2)
  4 goblins (D:1)
  4 hobgoblins (D:1)
  5 quokkas
  6 ball pythons
  2 bats (D:1)
  2 frilled lizards (D:1)
  7 kobolds
  3 rats (D:1)
35 creatures vanquished.

Notes
Turn   | Place    | Note
-------+----------+-------------------------------------------
     0 | D:1      | Aldia the Oni Warper began the quest for the Orb.
     0 | D:1      | Reached XP level 1. HP: 22/22 MP: 3/3
   141 | D:1      | Reached XP level 2. HP: 26/29 MP: 5/5
   148 | D:1      | Learned a level 2 spell: Blink
   489 | D:1      | Reached XP level 3. HP: 36/37 MP: 6/6
   928 | D:2      | Noticed Jessica
   943 | D:2      | Killed from afar by Jessica

Illustrated notes

Levels and vault maps discovered:
D:1:      lightli_arrival_lavapool, layout_loops_ring
D:2:      layout_loops_ring, uniq_terence, uniq_jessica

Skill      XL: |  1  2  3 |
---------------+----------+-----
Fighting       | 3 |  3.4
Translocations | 3 |  3.0
Maces & Flails | 3 |  3.0
Throwing       | |  1.0
Dodging        | |  2.1
Spellcasting   | |  2.5

Action                     || total
---------------------------++-------
  Melee: Mace              ||    88
         Headbutt          ||     9
    Use: Scroll            ||     1
 Armour: Robe              ||    52
  Dodge: Dodged            ||    50
